 Dungeon Crawl Stone Soup version 0.24-a0-582-g4d4af813a0 (webtiles) character file.

Game seed: 2667505837756561041

86 DasRunzen the Shield-Bearer (level 4, 0/41 HPs)
             Began as a Minotaur Fighter on Aug 27, 2019.
             Succumbed to an adder's poison
             ... on level 1 of the Dungeon.
             The game lasted 00:02:09 (1030 turns).

DasRunzen the Shield-Bearer (Minotaur Fighter)      Turns: 1030, Time: 00:02:10

Health: 0/41       AC: 10    Str: 21    XL:     4   Next: 26%
Magic:  3/3        EV:  7    Int:  5    God:
Gold:   30         SH:  9    Dex: 10    Spells: 3/3 levels left

rFire    + . .     SeeInvis .   a - +0 war axe
rCold    + + .     Gourm    .   c - +0 shield
rNeg     . . .     Faith    .   b - +0 scale mail
rPois    +         Spirit   .   (helmet restricted)
rElec    +         Reflect  .   (no cloak)
rCorr    +         Harm     .   (no gloves)
MR       .....                  (no boots)
Stlth    ..........             (no amulet)
HPRegen  0.13/turn              (no ring)
MPRegen  0.08/turn              (no ring)

@: lethally poisoned (0 -> -1), resistant
A: retaliatory headbutt, horns 2, slimy green scales 1, cold resistance 1,
shaggy fur 1
a: no special abilities


You were on level 1 of the Dungeon.
You were not hungry.

You visited 1 branch of the dungeon, and saw 2 of its levels.

You collected 30 gold pieces.

Inventory:

Hand Weapons
 a - a +0 war axe (weapon)
Armour
 b - a +0 scale mail (worn)
 c - a +0 shield (worn)
Potions
 d - a potion of might
Comestibles
 f - 4 rations


   Skills:
 + Level 4.4 Fighting
 + Level 3.3 Axes
 + Level 4.3 Armour
 + Level 4.4 Shields


You had 3 spell levels left.
You didn't know any spells.
Your spell library was empty.

Dungeon Overview and Level Annotations

Branches:
Dungeon (2/15)

Altars:
Uskayaw


Innate Abilities, Weirdness & Mutations

You reflexively headbutt those who attack you in melee.
You have a pair of horns on your head.
You are partially covered in slimy green scales. (AC +2)
Your flesh is cold resistant. (rC+)
You are covered in fur. (AC +1)


Message History

You feel sick.
You see here an adder corpse.
You butcher the adder corpse.
Things that are here:
2 chunks of flesh; an adder skeleton Eat one of 2 chunks of flesh? (ye/n/q)
You eat one of the 2 chunks of flesh.
This raw flesh tastes terrible.
* * * LOW HITPOINT WARNING * * *
You feel sick.
There is a lethal amount of poison in your body!
* * * LOW HITPOINT WARNING * * *
You feel sick.
You feel protected.
* * * LOW HITPOINT WARNING * * *
You feel sick.
Things that are here:
a chunk of flesh; an adder skeleton
Things that are here:
a chunk of flesh; an adder skeleton You die...

..#......#...#.#...#.############
#'#'#....#...#.#...#.#
........##.#.#.#...#.#
.............#.#...#.#
............##.#...#.##
........#####.##.<.##.##
........# ##.##.....##.##
........###.##.†>.8..##.##
........##.##...@%....##.##
........#.##.....#.....##.###
......)..##.....###.....##..#
........##.....##.##.....##.#
........#.....##.#.##.....#.#
...####......##.###.##......#
...# #.....##.## ##(##.....# ...#
##...##?## ##.##...##
...##########.# #..####.#


There were no monsters in sight!

Vanquished Creatures
  3 adders
  2 gnolls
  A worm (D:2)
  A dart slug (D:1)
  A ball python (D:1)
  2 giant cockroaches
  2 goblins (D:1)
  12 hobgoblins
  2 jackals (D:1)
  2 bats (D:2)
  A frilled lizard (D:2)
  5 rats
34 creatures vanquished.

Notes
Turn   | Place    | Note
-------+----------+-------------------------------------------
     0 | D:1      | DasRunzen the Minotaur Fighter began the quest for the Orb.
     0 | D:1      | Reached XP level 1. HP: 19/19 MP: 0/0
    60 | D:1      | Reached XP level 2. HP: 20/27 MP: 1/1
   631 | D:1      | Gained mutation: Your flesh is cold resistant. (rC+)
                  | [potion of mutation]
   631 | D:1      | Gained mutation: You are covered in fur. (AC +1) [potion of
                  | mutation]
   631 | D:1      | Gained mutation: You are partially covered in slimy green
                  | scales. (AC +2) [potion of mutation]
   668 | D:2      | Reached XP level 3. HP: 29/33 MP: 2/2
   978 | D:2      | Found a hide-covered altar of Uskayaw.
  1013 | D:1      | Reached XP level 4. HP: 12/41 MP: 3/3
  1020 | D:1      | HP: 2/41 [poisoned by an adder]
  1026 | D:1      | HP: 1/41 [poisoned by an adder]
  1030 | D:1      | Succumbed to an adder's poison

Levels and vault maps discovered:
D:1:      psy_arrival_spokes, layout_basic
D:2:      layout_basic, nicolae_overflow_crystal_walls, first_ration, uniq_robin

Skill      XL: |  1  2 |
---------------+-------+-----
Fighting       | 4 |  4.4
Armour         | 4 |  4.3
Shields        | 4 |  4.4
Axes           | 3 |  3.3

Action                   |  1- 3 |  4- 6 || total
-------------------------+-------+-------++-------
Melee: War axe           |    92 |     4 ||    96
       Headbutt          |    14 |     1 ||    15
  Use: Scroll            |     3 |       ||     3
       Potion            |     1 |     1 ||     2
  Eat: Chunk             |       |     1 ||     1
Armor: Scale mail        |    54 |     2 ||    56
Dodge: Dodged            |    39 |     1 ||    40
Block: Shield            |    50 |     3 ||    53

Table legend:
 A = Non-vault XP
 B = Vault XP
 C = Vault XP percentage of total XP
 D = Non-vault monster count
 E = Vault monster count
 F = Vault count percentage of total count
                 A         B        C        D         E       F
            +---------+---------+-------+---------+---------+-------
      Total |     123 |       0 |   0.0 |      34 |       0 |   0.0
            +---------+---------+-------+---------+---------+-------
        D:1 |      67 |       0 |   0.0 |      23 |       0 |   0.0
        D:2 |      56 |       0 |   0.0 |      11 |       0 |   0.0
            +---------+---------+-------+---------+---------+-------
